 Dungeon Crawl Stone Soup version 0.29.0-4-gdea44cf6ec (webtiles) character file.

Game seed: 18052533195859656567

46 qw the Chopper (level 3, 0/21 HPs)
             Began as a Tengu Warper on Aug 28, 2022.
             Slain by Terence
             ... wielding a +0 trident
              (1 damage)
             ... on level 2 of the Dungeon.
             The game lasted 00:00:09 (1898 turns).

qw the Chopper (Tengu Warper)                       Turns: 1898, Time: 00:00:10

Health: 0/21       AC:  8    Str: 13    XL:     3   Next: 68%
Magic:  7/7        EV:  6    Int: 13    God:
Gold:   73         SH:  0    Dex: 13    Spells: 6/6 levels left

rFire   . . .      SeeInvis .   Y - +0 war axe
rCold   . . .      Faith    .   (no shield)
rNeg    . . .      Spirit   .   e - +0 chain mail
rPois   .          Reflect  .   (helmet restricted)
rElec   .          Harm     .   (no cloak)
rCorr   .          Rampage  .   (no gloves)
Will    .....                   (boots unavailable)
Stlth   ..........              (no amulet)
HPRegen 0.07/turn               (no ring)
MPRegen 0.10/turn               (no ring)

@: about to teleport
A: beak, talons 3
a: no special abilities


You were on level 2 of the Dungeon.
You visited 1 branch of the dungeon, and saw 2 of its levels.

You collected 73 gold pieces.


Innate Abilities, Weirdness & Mutations

You have a beak for a mouth.
You have claws for feet.


   Skills:
 - Level 2.0 Fighting
 + Level 4.3 Axes
 - Level 1.0 Throwing
 - Level 1.1 Armour
 - Level 2.1 Dodging
 - Level 2.0 Spellcasting
 - Level 2.4 Translocations


You had 6 spell levels left.
You didn't know any spells.
Your spell library contained the following spells:

 Spells                   Type           Power      Damage    Failure   Level
 Blink                    Tloc           14%        N/A       99%         2
 Gell's Gravitas          Tloc           7%         N/A       100%        3
 Lesser Beckoning         Tloc           7%         N/A       100%        3
 Teleport Other           Tloc           7%         N/A       100%        3
 Manifold Assault         Tloc           7%         N/A       100%        5

Inventory:

Hand Weapons
 h - a +0 club
 Y - a +0 war axe (weapon)
Armour
 a - a +2 hat
 e - a +0 chain mail (worn)
Scrolls
 b - a scroll of fear {unknown}
 c - a scroll of identify
 k - a scroll of silence {unknown}
Potions
 d - a potion of heal wounds {unknown}
 g - 3 potions of curing {unknown}
 i - a potion of might {unknown}
 j - a potion of flight {unknown}
 l - 2 potions of haste {unknown}

Dungeon Overview and Level Annotations

Branches:
Dungeon (2/15)

Altars:

Annotations:
D:2 Terence


Message History

There is an open door here.
You open the door.
There is an open door here.
A hobgoblin comes into view.
The hobgoblin shouts!
Enter note:
Enter note:
Enter note: Terence the Incautious comes into view.
He is wielding a +0 trident.
Terence shouts!
You closely miss the hobgoblin.
The hobgoblin hits you but does no damage.
You closely miss the hobgoblin. Your kick misses the hobgoblin.
The hobgoblin closely misses you.
You hit the hobgoblin.
You kill the hobgoblin!
Terence hits you from afar with a +0 trident.
Terence completely misses you. Terence hits you with a +0 trident.
You see here a hobgoblin corpse.
You hit Terence but do no damage. You claw Terence. You peck Terence.
Terence is moderately wounded.
Terence barely misses you.
You hit Terence. You claw Terence, but do no damage.
Terence is moderately wounded.
Terence hits you with a +0 trident.
You hit Terence but do no damage.
Terence is moderately wounded.
Terence hits you with a +0 trident.
You barely miss Terence. You claw Terence. You peck Terence, but do no damage.
Terence is severely wounded.
Terence hits you with a +0 trident. Terence hits you but does no damage.
1897 ||| READING scroll of teleportation.
As you read the scroll of teleportation, it crumbles to dust.
You feel strangely unstable. Terence hits you with a +0 trident.
You hit Terence. Your kick misses Terence.
Terence is severely wounded.
Terence hits you with a +0 trident.
You die...

#.......# ##.'..8}8..'.## #
#....... ###..#.......#..### #
#......###..#############..####
#.....##..###...## ###..##
#.......####.....## ###..
##.#..#####.......# ###
##.#.....# #.....# ## ##........#
#.@.# ######## #. #........## #@#
#......###. #..###..#######.#
#.####.#... ##..#............#
#.####.#.##
..<...#..##############.#........
##..###..# #.......#.#.##(#.##
#.......# #.#####........#.#
#....).## ####........#..
####.>.# #.....##.#.##### #...# #
#.##.....#.#


You could see Terence.

Vanquished Creatures
  An adder (D:2)
  A dart slug (D:1)
  An orc (D:2)
  An endoplasm (D:2)
  A giant cockroach (D:1)
  2 goblins
  6 hobgoblins
  2 jackals (D:1)
  4 quokkas
  2 ball pythons
  2 bats (D:1)
  A frilled lizard (D:1)
  4 kobolds
  3 rats
31 creatures vanquished.

Vanquished Creatures (others)
  A demonic plant (D:1)
1 creature vanquished.

Grand Total: 32 creatures vanquished

Notes
Turn   | Place    | Note
-------+----------+-------------------------------------------
     0 | D:1      | qw the Tengu Warper began the quest for the Orb.
     0 | D:1      | Reached XP level 1. HP: 12/12 MP: 4/4
     0 | D:1      | 0 ||| qw: Version: 0.1-a-89-g26bdef1
     0 | D:1      | 0 ||| qw: Game counter: 1243
     0 | D:1      | 0 ||| qw: Always use a shield: true
     0 | D:1      | 0 ||| qw: God list: Okawaru
     0 | D:1      | 0 ||| qw: Allow faded altars: false
     0 | D:1      | 0 ||| qw: Do Orc after D:15 true
     0 | D:1      | 0 ||| qw: Do second Lair branch before Depths: true
     0 | D:1      | 0 ||| qw: Lair rune preference: random
     0 | D:1      | 0 ||| qw: Plans: Normal
     0 | D:1      | 0 ||| PLANNING D:1-11
    22 | D:1      | Found a faded altar of an unknown god.
    96 | D:1      | 96 ||| Stepping ~*~*~tactically~*~*~ (hiding).
   198 | D:1      | 198 ||| Stepping ~*~*~tactically~*~*~ (hiding).
   337 | D:1      | Reached skill level 3 in Axes
   337 | D:1      | Reached XP level 2. HP: 17/17 MP: 6/6
   531 | D:1      | 531 ||| Stepping ~*~*~tactically~*~*~ (stealth).
  1037 | D:1      | 1037 ||| SWAPPING to +0 war axe.
  1042 | D:1      | 1042 ||| DROPPING +0 hand axe.
  1331 | D:1      | 1331 ||| UPGRADING to +0 chain mail.
  1341 | D:1      | 1341 ||| DROPPING +0 leather armour.
  1342 | D:1      | 1342 ||| READING scroll labelled MINALUIPSO.
  1343 | D:1      | 1343 ||| READING scroll labelled NARIPO KEIMYU.
  1344 | D:1      | 1344 ||| READING scroll labelled HASIH MEFAILEO.
  1345 | D:1      | 1345 ||| READING scroll labelled ORCHUUM LIWK.
  1348 | D:1      | 1348 ||| READING scroll labelled SIWOYGG MIZYCO.
  1349 | D:1      | 1349 ||| READING scroll labelled WIEJOPR ZASIE.
  1350 | D:1      | 1350 ||| DRINKING 2 black potions.
  1351 | D:1      | 1351 ||| DROPPING scroll of blinking.
  1352 | D:1      | 1352 ||| DROPPING potion of attraction.
  1413 | D:2      | 1413 ||| Stepping ~*~*~tactically~*~*~ (stealth).
  1419 | D:2      | Reached XP level 3. HP: 20/21 MP: 7/7
  1424 | D:2      | 1424 ||| Stepping ~*~*~tactically~*~*~ (stealth).
  1425 | D:2      | 1425 ||| Stepping ~*~*~tactically~*~*~ (stealth).
  1465 | D:2      | Reached skill level 4 in Axes
  1472 | D:2      | 1472 ||| Stepping ~*~*~tactically~*~*~ (stealth).
  1478 | D:2      | 1478 ||| Stepping ~*~*~tactically~*~*~ (stealth).
  1887 | D:2      | Noticed Terence
  1896 | D:2      | HP: 4/21 [Terence/+0 trident (4)]
  1897 | D:2      | 1897 ||| READING scroll of teleportation.
  1897 | D:2      | HP: 1/21 [Terence/+0 trident (3)]
  1898 | D:2      | Slain by Terence

Levels and vault maps discovered:
D:1:      minmay_arrival_checkered_box, layout_basic,
          shapermc_ecumenical_altar_gd
D:2:      layout_loops_cross, minmay_tree_intersection, glass_columns_b,
          dk_vineyard_2, grunt_decor_clamped, uniq_terence

Skill      XL: |  1  2  3 |
---------------+----------+-----
Axes           | 3 4 |  4.3
Fighting       | |  2.0
Throwing       | |  1.0
Armour         | |  1.1
Dodging        | |  2.1
Spellcasting   | |  2.0
Translocations | |  2.4

Action                   || total
-------------------------++-------
Melee: Hand axe          ||    34
       Kick              ||    17
       Peck              ||     8
       War axe           ||    41
Throw: Boomerang         ||     7
  Use: Scroll            ||     7
       Potion            ||     1
Armor: Leather armour    ||     4
       Chain mail        ||    19
Dodge: Dodged            ||    32

Table legend:
 A = Non-vault XP
 B = Vault XP
 C = Vault XP percentage of total XP
 D = Non-vault monster count
 E = Vault monster count
 F = Vault count percentage of total count
                 A         B        C        D         E       F
            +---------+---------+-------+---------+---------+-------
      Total |      67 |       0 |   0.0 |      31 |       0 |   0.0
            +---------+---------+-------+---------+---------+-------
        D:1 |      33 |       0 |   0.0 |      19 |       0 |   0.0
        D:2 |      34 |       0 |   0.0 |      12 |       0 |   0.0
            +---------+---------+-------+---------+---------+-------
